AoeStats
← Ancrypto

Arabia

510099808Analyzed
3v3 RM · 2d ago on Sep 29, 2026· 45m 27s· 6 players
Game mode
Random Map
Map size
Normal (6 player)
Population
200
Speed
Normal
Resources
Standard
Victory
Conquest
Starting age
Dark Age
Ending age
Imperial Age
RankedLock teamsTeams togetherTeam positionsShared explorationLock speedFull tech treeHidden civsTurbo modeCheats
Victory
Defeat
🇳🇱 Franks · Netherlands
1063
+11
🇳🇱 Portuguese · Netherlands
766
+57
🇳🇱 Vietnamese · Netherlands
766
+57
🇧🇷 Saxons · Brazil
1023
-22
🇯🇵 Danes · Japan
908
-18
🇵🇱 Varangians · Poland
870
-17
knight
5:51 Loom
11:18 Feudal Age
11:33 Man-at-Arms
11:59 Arson
13:35 Forging
13:26 Scale Mail Armor
24:11 Castle Age
23:06 Double-Bit Axe
23:51 Horse Collar
24:17 Gold Mining
24:51 Long Swordsman
25:17 Gambesons
26:24 Squires
28:09 Iron Casting
27:53 Chain Mail Armor
28:52 Bow Saw
Tebano
3:31 Loom
13:04 Feudal Age
19:07 Man-at-Arms
22:59 Castle Age
23:11 Arson
25:35 Long Swordsman
28:27 Pikeman
30:21 Fletching
30:47 Squires
30:38 Horse Collar
malolepszy.adrian
11:23 Feudal Age
12:47 Wheelbarrow
12:01 Double-Bit Axe
12:33 Horse Collar
14:04 Horse Collar
20:51 Castle Age
21:07 Forging
22:31 Hand Cart
23:54 Heavy Plow
25:46 Stone Mining
26:13 Bow Saw
27:55 Stone Shaft Mining
29:58 Iron Casting
31:39 Town Watch
Licrovan
7:06 Loom
10:10 Feudal Age
12:32 Double-Bit Axe
12:31 Horse Collar
17:11 Wheelbarrow
16:51 Arson
21:07 Castle Age
22:09 Bow Saw
22:02 Heavy Plow
22:27 Gold Mining
23:13 Padded Archer Armor
23:22 Scale Mail Armor
23:28 Scale Barding Armor
23:30 Pikeman
33:37 Imperial Age
34:11 Chain Mail Armor
34:17 Chain Barding Armor
34:12 Leather Archer Armor
34:08 Forging
34:05 Stone Mining
35:18 Elite Skirmisher
37:03 Crossbowman
37:59 Thumb Ring
38:36 Ring Archer Armor
37:57 Fletching
45:54 Ballistics
46:34 Chemistry
46:18 Plate Barding Armor
46:14 Plate Mail Armor
46:20 Iron Casting
45:40 Bodkin Arrow
Ancrypto
10:57 Feudal Age
28:41 Castle Age
29:36 Crossbowman
ZeChaos
6:36 Loom
9:08 Feudal Age
9:36 Double-Bit Axe
15:22 Forging
22:54 Castle Age
22:10 Wheelbarrow
22:44 Scale Barding Armor
23:46 Husbandry
25:44 Iron Casting
26:25 Hand Cart
28:49 Gold Mining
29:44 Chain Barding Armor
30:35 Light Cavalry
45:39 Ballistics
Connection lost

Rejoining the realm…

Still unreachable

The connection could not be restored.

Session expired

The server has moved on; the page needs a fresh start.